[Event "42nd Olympiad Baku 2016 Women"]
[Site "Baku"]
[Date "2016.09.05"]
[Round "4.22"]
[White "Berezovska Svetlana"]
[Black "Roberts, Lynda"]
[Result "1/2-1/2"]
[ECO "A04"]
[WhiteElo "1794"]
[BlackElo "1888"]
[Annotator ""]
[PlyCount "113"]
[EventDate "2016.??.??"]
[EventCountry "AZE"]
[SourceTitle "playchess.com"]
[Source "ChessBase"]
[WhiteTeam "MNC"]
[BlackTeam "WLS"]
[WhiteTeamCountry "MNC"]
[BlackTeamCountry "WLS"]
[TimeControl "40/5400+30:1800+30"]

1. Nf3 {(00:00)} f5 {(00:00)} 2. d3 {(00:00)} d6 {(
00:09)} 3. e4 {(00:32)} e5 {(00:19)} 4. Nc3 {(01:03)} Nf6
{(00:41)} 5. d4 {(12:15)} fxe4 {(05:30)} 6. dxe5 {(
02:47)} exf3 {(03:18)} 7. exf6 {(04:55)} Qxf6 {(02:13)} 8.
Nd5 {(03:22)} Qf7 {(08:19)} 9. Qxf3 {(21:37)} Qe6+ {
(21:19)} 10. Be3 {(13:38)} Kd7 {(02:44)} 11. Bc4 {(
07:17)} Qe8 {(05:39)} 12. O-O-O {(11:06)} c6 {(01:57)} 13.
Qf5+ {(04:06)} Kd8 {(01:28)} 14. Bg5+ {(01:30)} Be7 {
(01:10)} 15. Bxe7+ {(00:58)} Qxe7 {(00:19)} 16. Nxe7 {
(01:25)} Bxf5 {(00:17)} 17. Nxf5 {(00:05)} d5 {(00:
25)} 18. Rhe1 {(03:09)} g6 {(01:09)} 19. Ng7 {(02:55)} Rg8
{(01:03)} 20. Ne6+ {(00:50)} Kc8 {(00:44)} 21. Be2 {
(00:41)} b5 {(02:03)} 22. Nc5 {(01:19)} h5 {(00:57]
} 23. g3 {(01:29)} Nd7 {(00:58)} 24. Nxd7 {(01:09)} Kxd7 {
(00:06)} 25. Bf1 {(00:07)} g5 {(01:09)} 26. Re5 {(
00:34)} Raf8 {(00:37)} 27. Rd2 {(01:05)} Kd6 {(00:42)} 28.
Rde2 {(01:10)} Rxf2 {(00:55)} 29. Re6+ {(01:17)} Kd7 {
(00:17)} 30. Re7+ {(00:42)} Kd8 {(02:19)} 31. Rxf2 {
(00:35)} Kxe7 {(00:09)} 32. Bd3 {(00:10)} h4 {(01:
04)} 33. gxh4 {(00:33)} gxh4 {(00:12)} 34. Bf1 {(01:24)}
a5 {(00:45)} 35. Bh3 {(00:24)} Rg5 {(03:29)} 36. Rf4 {
(00:32)} Rg1+ {(01:04)} 37. Kd2 {(00:42)} Rh1 {(00:
25)} 38. Rf2 {(00:25)} b4 {(00:56)} 39. c3 {(00:47)} Ra1 {
(00:55)} 40. cxb4 {(00:40)} axb4 {(00:40)} 41. Kc2 {
(01:52)} Re1 {(03:56)} 42. Bf1 {(04:36)} Kd6 {(00:
56)} 43. Bd3 {(06:59)} Rg1 {(01:39)} 44. h3 {(08:26)} Ke5
{(03:15)} 45. Bf5 {(02:23)} c5 {(01:32)} 46. Bg4 {(
02:10)} c4 {(04:14)} 47. Rf5+ {(01:05)} Ke4 {(00:32)} 48.
Rf2 {(01:35)} Ra1 {(03:47)} 49. Rf8 {(03:22)} Rxa2 {
(02:41)} 50. Bf3+ {(01:07)} Ke5 {(03:23)} 51. Re8+ {
(00:49)} Kd4 {(03:48)} 52. Rd8 {(00:16)} c3 {(05:
51)} 53. Rxd5+ {(00:23)} Ke3 {(03:29)} 54. Rd3+ {(00:52)}
Kf2 {(00:33)} 55. Bd5 {(00:38)} Rxb2+ {(00:36)} 56. Kc1 {
(00:11)} Ke2 {(10:58)} 57. Bc4 {(00:38)} 1/2-1/2

[Event "42nd Olympiad Baku 2016 Women"]
[Site "Baku"]
[Date "2016.09.05"]
[Round "4.24"]
[White "Berezovsky, Fiorina"]
[Black "Sivarajasingam, Shayanna"]
[Result "0-1"]
[ECO "C02"]
[WhiteElo "1096"]
[BlackElo "1687"]
[Annotator ""]
[PlyCount "124"]
[EventDate "2016.??.??"]
[EventCountry "AZE"]
[SourceTitle "playchess.com"]
[Source "ChessBase"]
[WhiteTeam "MNC"]
[BlackTeam "WLS"]
[WhiteTeamCountry "MNC"]
[BlackTeamCountry "WLS"]
[TimeControl "40/5400+30:1800+30"]

1. e4 {(00:00)} e6 {(00:00)} 2. d4 {(00:00)} d5 {(
00:00)} 3. e5 {(00:00)} c5 {(00:00)} 4. c3 {(00:17)} Nc6 {
(00:00)} 5. Nf3 {(00:26)} Qb6 {(00:00)} 6. Bd3 {(
00:32)} cxd4 {(00:17)} 7. cxd4 {(00:14)} Bd7 {(00:05)} 8.
O-O {(00:43)} Nxd4 {(00:30)} 9. Nxd4 {(00:27)} Qxd4 {
(00:42)} 10. Nc3 {(00:23)} a6 {(00:37)} 11. a3 {(
05:54)} Ne7 {(08:37)} 12. Re1 {(08:07)} Qb6 {(01:26)} 13.
Qf3 {(06:14)} Nc6 {(12:20)} 14. Qf4 {(07:12)} Qd4 {
(03:09)} 15. Qxd4 {(01:33)} Nxd4 {(00:04)} 16. Bf4 {
(04:35)} Rc8 {(00:57)} 17. Ne2 {(06:40)} Nc2 {(01:
13)} 18. Bxc2 {(00:41)} Rxc2 {(00:05)} 19. b4 {(01:11)}
Rc4 {(01:26)} 20. Rac1 {(01:20)} b5 {(01:56)} 21. Be3 {
(02:13)} Be7 {(01:21)} 22. Bd4 {(02:23)} O-O {(00:
52)} 23. Rxc4 {(00:56)} dxc4 {(00:37)} 24. Nc3 {(01:42)}
Bc6 {(01:16)} 25. Rd1 {(02:58)} Rd8 {(23:43)} 26. Be3 {
(03:05)} Bd5 {(03:44)} 27. Nxd5 {(05:22)} exd5 {(
00:37)} 28. Bd4 {(00:53)} Kf8 {(02:13)} 29. Kf1 {(01:35)}
Ke8 {(02:01)} 30. Ke2 {(00:49)} Rd7 {(14:19)} 31. f4 {
(02:40)} Kd8 {(03:44)} 32. Kf3 {(04:05)} h5 {(03:
17)} 33. f5 {(01:27)} Bg5 {(10:59)} 34. e6 {(02:00)} fxe6
{(00:46)} 35. fxe6 {(00:26)} Rb7 {(02:31)} 36. g3 {
(03:22)} Ke7 {(01:24)} 37. Bxg7 {(01:34)} Kxe6 {(
00:15)} 38. Bd4 {(00:28)} Rd7 {(00:55)} 39. h4 {(04:23)}
Bh6 {(00:21)} 40. g4 {(01:34)} hxg4+ {(00:16)} 41. Kxg4 {
(30:49)} Bg7 {(30:50)} 42. Bc5 {(01:11)} c3 {(00:
42)} 43. Rc1 {(01:17)} d4 {(00:12)} 44. Kf3 {(02:22)} d3 {
(00:14)} 45. Be3 {(01:58)} d2 {(00:15)} 46. Bxd2 {(
01:30)} cxd2 {(00:08)} 47. Rd1 {(00:11)} Bb2 {(00:19)} 48.
Ke2 {(00:28)} Bxa3 {(00:12)} 49. Rxd2 {(00:18)} Rxd2+ {
(00:05)} 50. Kxd2 {(00:06)} Bxb4+ {(00:04)} 51. Ke3 {
(00:14)} Ke5 {(00:12)} 52. Kf3 {(00:20)} a5 {(00:
11)} 53. h5 {(00:17)} Bd2 {(00:22)} 54. Ke2 {(00:21)} Bh6
{(00:06)} 55. Kd1 {(00:16)} Kd4 {(00:12)} 56. Kc2 {
(00:10)} a4 {(00:08)} 57. Kb2 {(00:13)} b4 {(00:18]
} 58. Ka2 {(00:07)} Kc3 {(00:25)} 59. Kb1 {(00:09)} Kb3 {
(00:48)} 60. Ka1 {(00:21)} a3 {(00:21)} 61. Kb1 {(
00:17)} a2+ {(00:12)} 62. Ka1 {(00:14)} Bg7# 0-1

[Event "42nd Olympiad Baku 2016 Women"]
[Site "Baku"]
[Date "2016.09.05"]
[Round "4.3"]
[White "Berzina, Ilze"]
[Black "Tan, Zhongyi"]
[Result "1/2-1/2"]
[ECO "B30"]
[WhiteElo "2241"]
[BlackElo "2475"]
[Annotator ""]
[PlyCount "63"]
[EventDate "2016.??.??"]
[EventCountry "AZE"]
[SourceTitle "playchess.com"]
[Source "ChessBase"]
[WhiteTeam "Latvia"]
[BlackTeam "China"]
[WhiteTeamCountry "LAT"]
[BlackTeamCountry "CHN"]
[TimeControl "40/5400+30:1800+30"]

1. e4 {(00:00)} c5 {(00:00)} 2. Nf3 {(00:00)} Nc6 {
(00:00)} 3. Bb5 {(00:02)} d6 {(00:00)} 4. O-O {(00:
30)} Bd7 {(00:00)} 5. Re1 {(01:31)} Nf6 {(00:25)} 6. c3 {
(00:37)} a6 {(00:09)} 7. Bf1 {(00:17)} Bg4 {(00:08]
} 8. h3 {(00:19)} Bxf3 {(00:05)} 9. Qxf3 {(00:05)} g6 {
(00:07)} 10. d3 {(02:13)} Bg7 {(00:36)} 11. Bg5 {(
05:57)} O-O {(00:19)} 12. Qe3 {(01:37)} b5 {(02:33)} 13.
Nd2 {(01:42)} Nd7 {(00:44)} 14. Bh6 {(01:24)} e5 {(
11:13)} 15. Bxg7 {(03:27)} Kxg7 {(00:06)} 16. Nf3 {(00:32]
} Rc8 {(13:18)} 17. a3 {(06:15)} Re8 {(07:45)} 18. g3 {
(08:11)} Nf6 {(03:53)} 19. Bg2 {(00:59)} Qe7 {(11:
38)} 20. Rad1 {(04:31)} Rcd8 {(06:00)} 21. d4 {(11:24)}
Na5 {(04:57)} 22. dxe5 {(07:45)} dxe5 {(00:12)} 23. Bf1 {
(01:01)} Qc7 {(03:31)} 24. c4 {(08:14)} Rxd1 {(03:
49)} 25. Rxd1 {(00:12)} Nxc4 {(00:17)} 26. Bxc4 {(00:36)}
bxc4 {(00:04)} 27. Rc1 {(05:23)} Qb7 {(05:14)} 28. Rxc4 {
(00:29)} Qxb2 {(00:09)} 29. Rxc5 {(01:51)} Qb1+ {(
00:56)} 30. Kg2 {(01:03)} Qxe4 {(00:16)} 31. Qxe4 {(00:56]
} Nxe4 {(00:05)} 32. Rxe5 {(02:49)} 1/2-1/2

[Event "42nd Olympiad Baku 2016 Women"]
[Site "Baku"]
[Date "2016.09.05"]
[Round "4.31"]
[White "Beydullayeva, Govhar"]
[Black "Chang, Suzana"]
[Result "0-1"]
[ECO "E92"]
[WhiteElo "1994"]
[BlackElo "2093"]
[Annotator ""]
[PlyCount "72"]
[EventDate "2016.??.??"]
[EventCountry "AZE"]
[SourceTitle "playchess.com"]
[Source "ChessBase"]
[WhiteTeam "Azerbaijan"]
[BlackTeam "Brazil"]
[WhiteTeamCountry "AZE"]
[BlackTeamCountry "BRA"]
[TimeControl "40/5400+30:1800+30"]

1. d4 {(00:00)} Nf6 {(00:00)} 2. c4 {(00:00)} g6 {(
00:00)} 3. Nc3 {(00:00)} Bg7 {(00:00)} 4. e4 {(00:00)} d6
{(00:00)} 5. Nf3 {(00:00)} O-O {(00:06)} 6. Be2 {(
00:13)} e5 {(00:15)} 7. Be3 {(00:40)} Nc6 {(00:38)} 8. d5
{(00:11)} Ne7 {(00:09)} 9. Nd2 {(00:24)} c5 {(01:
31)} 10. O-O {(02:26)} Ne8 {(02:53)} 11. Rb1 {(02:58)} f5
{(00:33)} 12. f3 {(00:05)} f4 {(00:14)} 13. Bf2 {(
00:06)} g5 {(00:20)} 14. b4 {(00:33)} b6 {(00:09)} 15.
bxc5 {(00:38)} bxc5 {(00:33)} 16. Qa4 {(05:08)} Rf6 {
(03:15)} 17. Nb5 {(02:39)} a6 {(17:26)} 18. Nxd6 {(
10:08)} Nxd6 {(07:02)} 19. Bxc5 {(00:09)} Bf8 {(00:58)}
20. Bb6 {(08:40)} Bd7 {(05:10)} 21. Qb3 {(05:47)} Qe8 {
(07:18)} 22. c5 {(05:11)} Qh5 {(07:25)} 23. Rfe1 {(
12:06)} Rh6 {(02:53)} 24. Nf1 {(01:13)} Ng6 {(24:31)} 25.
cxd6 {(05:21)} Nh4 {(04:03)} 26. Qc2 {(04:56)} Bxd6 {
(02:08)} 27. Bd1 {(11:54)} g4 {(02:48)} 28. Qf2 {(
15:43)} Rg6 {(01:12)} 29. fxg4 {(00:54)} Bxg4 {(00:20)}
30. g3 {(04:24)} Rf8 {(01:41)} 31. Bxg4 {(00:43)} Qxg4 {
(00:37)} 32. Kh1 {(00:31)} fxg3 {(07:07)} 33. Qxg3 {
(00:15)} Rxf1+ {(00:33)} 34. Bg1 {(00:56)} Rxe1 {(
01:04)} 35. Qxg4 {(00:32)} Rxg4 {(00:18)} 36. Rxe1 {(00:
05)} Nf3 {(00:13)} 0-1

[Event "42nd Olympiad Baku 2016 Women"]
[Site "Baku"]
[Date "2016.09.05"]
[Round "4.13"]
[White "Blackman, Katrina"]
[Black "Szekely, Olga"]
[Result "1-0"]
[ECO "A41"]
[WhiteElo "1642"]
[BlackElo "1754"]
[Annotator ""]
[PlyCount "89"]
[EventDate "2016.??.??"]
[EventCountry "AZE"]
[SourceTitle "playchess.com"]
[Source "ChessBase"]
[WhiteTeam "BAR"]
[BlackTeam "GUM"]
[WhiteTeamCountry "BAR"]
[TimeControl "40/5400+30:1800+30"]

1. d4 {(00:00)} d6 {(00:00)} 2. Bf4 {(00:00)} Nf6 {
(00:00)} 3. e3 {(00:00)} g6 {(00:03)} 4. Nf3 {(00:
00)} Bg7 {(00:06)} 5. h3 {(00:04)} O-O {(00:16)} 6. c3 {
(00:03)} Nc6 {(01:42)} 7. Be2 {(00:51)} Nh5 {(02:
55)} 8. Bh2 {(00:13)} Nf6 {(11:09)} 9. O-O {(00:15)} Ne4 {
(02:10)} 10. Re1 {(07:08)} e5 {(03:12)} 11. Nbd2 {(
09:06)} Nxd2 12. Nxd2 f5 {(04:22)} 13. Qb3+ {(06:47)} Kh8 {
(00:16)} 14. dxe5 {(00:55)} dxe5 {(01:49)} 15. Rad1 {
(00:06)} Qf6 {(01:43)} 16. Nf3 {(07:05)} Bh6 {(06:
21)} 17. Bb5 {(08:33)} f4 {(26:28)} 18. Bxc6 {(00:40)}
bxc6 {(00:23)} 19. Qc4 {(06:50)} g5 {(03:48)} 20. exf4 {
(02:28)} exf4 {(01:49)} 21. Ne5 {(04:40)} Rb8 {(03:
15)} 22. b3 {(01:58)} Bg7 {(01:54)} 23. Nxc6 {(21:21)} Rb6
{(00:30)} 24. Nd4 {(00:20)} g4 {(00:57)} 25. hxg4 {
(11:07)} Bxg4 {(00:12)} 26. Rc1 {(00:55)} Qh4 {(04:
19)} 27. Nc6 {(05:37)} Qh5 {(11:26)} 28. Bxf4 {(02:58)}
Rxf4 {(05:02)} 29. Qxf4 {(00:07)} Rxc6 {(00:10)} 30. Qe4 {
(00:55)} Bd7 {(02:40)} 31. c4 {(01:56)} Re6 {(02:
20)} 32. Qa8+ {(00:25)} Re8 {(00:12)} 33. Rxe8+ {(00:38)}
Qxe8 {(00:02)} 34. Qxa7 {(01:19)} Bc8 {(03:41)} 35. Qxc7 {
(00:46)} Bg4 {(00:16)} 36. Qg3 {(00:31)} Bf5 {(00:
29)} 37. Rd1 {(01:09)} Bc2 {(00:14)} 38. Rd5 {(00:32)} Be4
{(00:30)} 39. Rg5 {(00:17)} Bg6 {(00:18)} 40. Rd5 {
(00:41)} Bf7 {(00:52)} 41. Rb5 {(00:20)} Qe1+ {(00:
44)} 42. Kh2 {(00:02)} Qe6 {(03:30)} 43. Qe3 {(11:13)}
Qd6+ {(01:11)} 44. g3 {(00:45)} Be6 {(08:24)} 45. Rb6 {
(01:07)} 1-0

[Event "42nd Olympiad Baku 2016 Women"]
[Site "Baku"]
[Date "2016.09.05"]
[Round "4.14"]
[White "Blagojevic, Tijana"]
[Black "Haast, Anne"]
[Result "1/2-1/2"]
[ECO "B47"]
[WhiteElo "2223"]
[BlackElo "2306"]
[Annotator ""]
[PlyCount "100"]
[EventDate "2016.??.??"]
[EventCountry "AZE"]
[SourceTitle "playchess.com"]
[Source "ChessBase"]
[WhiteTeam "Montenegro"]
[BlackTeam "Netherlands"]
[WhiteTeamCountry "MNE"]
[BlackTeamCountry "NED"]
[TimeControl "40/5400+30:1800+30"]

1. e4 {(00:00)} c5 {(00:00)} 2. Nf3 {(00:00)} e6 {(
00:04)} 3. d4 {(00:19)} cxd4 {(00:14)} 4. Nxd4 {(00:06)}
Nc6 {(00:28)} 5. Nc3 {(01:13)} Qc7 {(00:43)} 6. Qd3 {
(00:33)} a6 {(06:48)} 7. Nxc6 {(01:55)} Qxc6 {(15:
19)} 8. Qg3 {(00:50)} b5 {(04:45)} 9. a3 {(00:59)} Bb7 {
(01:13)} 10. Bd3 {(01:58)} Ne7 {(05:48)} 11. h4 {(
06:35)} d5 {(14:10)} 12. a4 {(07:01)} b4 {(16:27)} 13. Nb5
{(06:14)} Rd8 {(04:56)} 14. e5 {(06:57)} Nf5 {(07:
15)} 15. Qf4 {(09:54)} Bc5 {(02:33)} 16. Bd2 {(08:54)} O-O
{(01:26)} 17. Bxf5 {(03:46)} axb5 {(02:50)} 18. axb5 {
(00:23)} Qxb5 {(00:11)} 19. Bd3 {(00:14)} Qb6 {(00:
25)} 20. Rh3 {(05:38)} f5 {(03:06)} 21. Kf1 {(02:50)} Ra8
{(00:34)} 22. Rb1 {(00:52)} Rf7 {(02:44)} 23. h5 {(
01:01)} d4 {(05:57)} 24. Kg1 {(05:32)} Bd5 {(00:10)} 25.
b3 {(02:22)} Ra2 {(01:21)} 26. Bc1 {(04:36)} Qc6 {(
00:46)} 27. Rg3 {(04:37)} Be4 {(00:05)} 28. Bb2 {(00:11)}
Qa8 {(01:48)} 29. Qc1 {(00:59)} f4 {(00:19)} 30. Rg4 {
(01:01)} Rf5 {(01:18)} 31. h6 {(00:25)} g6 {(00:09]
} 32. Rxf4 {(04:03)} Bxd3 {(01:14)} 33. cxd3 {(00:06)}
Rxe5 {(00:49)} 34. Bxd4 {(00:44)} Rg5 {(00:13)} 35. Re4 {
(01:37)} Bxd4 {(00:15)} 36. Qxg5 {(00:15)} Bxf2+ {(
00:14)} 37. Kh1 {(01:33)} Ra5 {(01:02)} 38. Re5 {(00:05)}
Ra1 {(00:04)} 39. Qc1 {(01:06)} Rxb1 {(01:01)} 40. Qxb1 {
(00:00)} Qf8 {(00:00)} 41. Qc1 {(01:38)} Bg3 {(10:
44)} 42. Re4 {(04:40)} e5 {(01:06)} 43. Rg4 {(07:41)} Bf4
{(01:00)} 44. Qc4+ {(00:43)} Kh8 {(00:51)} 45. g3 {
(02:14)} Be3 {(06:30)} 46. Qe4 {(07:36)} Qf1+ {(00:
31)} 47. Kh2 {(00:02)} Bg1+ {(00:49)} 48. Kh1 {(00:01)}
Bf2+ {(00:52)} 49. Kh2 {(00:03)} Bg1+ {(00:10)} 50. Kh1 {
(00:03)} Bf2+ 1/2-1/2

[Event "42nd Olympiad Baku 2016 Women"]
[Site "Baku"]
[Date "2016.09.05"]
[Round "4.28"]
[White "Blond Hanten, Elsa"]
[Black "Villar Acevedo, Darlin Rocio"]
[Result "1-0"]
[ECO "B01"]
[WhiteElo "1745"]
[BlackElo "1781"]
[Annotator ""]
[PlyCount "43"]
[EventDate "2016.??.??"]
[EventCountry "AZE"]
[SourceTitle "playchess.com"]
[Source "ChessBase"]
[WhiteTeam "Luxembourg"]
[BlackTeam "Dominican Republic"]
[WhiteTeamCountry "LUX"]
[BlackTeamCountry "DOM"]
[TimeControl "40/5400+30:1800+30"]

1. e4 {(00:00)} d5 {(00:04)} 2. exd5 {(00:00)} Qxd5 {
(00:09)} 3. Nc3 {(00:00)} Qa5 {(00:11)} 4. d4 {(00:
21)} c6 {(00:19)} 5. Bc4 {(03:32)} Nf6 {(00:22)} 6. Nge2 {
(03:19)} Bf5 {(01:06)} 7. Ng3 {(01:13)} Bg6 {(00:
19)} 8. O-O {(00:58)} e6 {(01:45)} 9. f4 {(01:29)} Nbd7 {
(00:58)} 10. f5 {(04:34)} exf5 {(04:02)} 11. Qe2+ {
(02:23)} Kd8 {(04:08)} 12. Bd2 {(05:41)} Qb6 {(03:
34)} 13. Nxf5 {(13:02)} Bxf5 {(07:51)} 14. Rxf5 {(00:11)}
Bd6 {(00:22)} 15. Bxf7 {(09:27)} Qxd4+ {(04:29)} 16. Be3 {
(05:47)} Qg4 {(14:20)} 17. Qd3 {(06:22)} Kc7 {(22:
31)} 18. Rd1 {(06:46)} Bb4 {(07:54)} 19. Rf4 {(07:18)} Ne5
{(05:12)} 20. Qd4 {(04:33)} Rad8 {(12:07)} 21. Qxe5+ {
(03:20)} Bd6 {(00:08)} 22. Qa5+ {(03:48)} 1-0

[Event "42nd Olympiad Baku 2016 Women"]
[Site "Baku"]
[Date "2016.09.05"]
[Round "4.11"]
[White "Boshra, Alshaeby"]
[Black "Bogdan, Ekaterina"]
[Result "0-1"]
[ECO "D20"]
[WhiteElo "1983"]
[BlackElo "2120"]
[Annotator ""]
[PlyCount "104"]
[EventDate "2016.??.??"]
[EventCountry "AZE"]
[SourceTitle "playchess.com"]
[Source "ChessBase"]
[WhiteTeam "Jordan"]
[BlackTeam "Belarus"]
[WhiteTeamCountry "JOR"]
[BlackTeamCountry "BLR"]
[TimeControl "40/5400+30:1800+30"]

1. d4 {(00:00)} d5 {(00:00)} 2. c4 {(00:00)} dxc4 {
(00:00)} 3. e3 {(00:52)} e5 {(00:42)} 4. Bxc4 {(00:
40)} exd4 {(00:22)} 5. exd4 {(00:16)} Bd6 {(00:34)} 6. Nf3
{(02:40)} Nf6 {(00:25)} 7. O-O {(00:26)} O-O {(00:
23)} 8. Bg5 {(00:52)} h6 {(01:55)} 9. Bh4 {(02:30)} Nc6 {
(00:27)} 10. Nc3 {(10:30)} g5 {(01:42)} 11. Bg3 {(
04:34)} Bg4 {(00:27)} 12. Be2 {(04:34)} Bxg3 {(09:07)} 13.
fxg3 {(08:02)} Nd5 {(13:22)} 14. Bc4 {(13:24)} Ne3 {
(05:50)} 15. Qd3 {(00:04)} Nxc4 {(00:16)} 16. Qxc4 {
(00:21)} Bxf3 {(01:01)} 17. gxf3 {(16:02)} Qxd4+ {(
00:32)} 18. Qxd4 {(00:05)} Nxd4 {(00:06)} 19. Kf2 {(02:42]
} Rad8 {(03:49)} 20. Rac1 {(02:53)} c6 {(07:21)} 21. Rfe1
{(00:54)} Rfe8 {(04:45)} 22. Ne4 {(01:35)} Kg7 {(
00:55)} 23. h4 {(06:59)} f5 {(09:34)} 24. Nc5 {(00:29)} b6
{(00:55)} 25. Rxe8 {(07:39)} Rxe8 {(00:12)} 26. Nb3 {
(00:12)} Re2+ {(04:17)} 27. Kf1 {(00:05)} Nxb3 {(
02:19)} 28. axb3 {(00:19)} Rxb2 {(00:21)} 29. Rxc6 {(00:
06)} Rxb3 {(03:07)} 30. hxg5 {(00:13)} hxg5 {(00:33)} 31.
Rc7+ {(00:08)} Kf6 {(00:17)} 32. Rxa7 {(00:21)} Rxf3+ {
(00:48)} 33. Kg2 {(00:04)} Rb3 {(00:33)} 34. Rb7 {(
02:16)} Ke5 {(03:54)} 35. Re7+ {(00:16)} Kd6 {(00:47)} 36.
Rf7 {(00:11)} Ke6 {(00:22)} 37. Rg7 {(00:28)} g4 {(
00:09)} 38. Rg8 {(00:46)} Kd5 {(00:30)} 39. Rf8 {(00:43)}
Rf3 {(00:17)} 40. Rd8+ {(00:00)} Kc4 {(00:00)} 41. Rc8+ {
(00:40)} Kb4 {(00:40)} 42. Rc1 {(01:11)} b5 {(01:
43)} 43. Rb1+ {(00:16)} Kc4 {(00:36)} 44. Rc1+ {(00:30)}
Rc3 {(00:16)} 45. Rf1 {(00:07)} Rc2+ {(00:14)} 46. Kg1 {
(00:11)} b4 {(00:27)} 47. Rxf5 {(00:09)} b3 {(00:
15)} 48. Rf8 {(01:00)} b2 {(00:37)} 49. Rc8+ {(00:05)} Kd3
{(00:07)} 50. Rd8+ {(00:13)} Ke3 {(00:11)} 51. Re8+ {
(00:21)} Kf3 {(00:22)} 52. Rf8+ {(00:21)} Kxg3 {(
00:15)} 0-1

[Event "42nd Olympiad Baku 2016 Women"]
[Site "Baku"]
[Date "2016.09.05"]
[Round "4.16"]
[White "Bulmaga, Irina"]
[Black "Kazimova, Narmin"]
[Result "1/2-1/2"]
[ECO "C60"]
[WhiteElo "2395"]
[BlackElo "2302"]
[Annotator ""]
[PlyCount "151"]
[EventDate "2016.??.??"]
[EventCountry "AZE"]
[SourceTitle "playchess.com"]
[Source "ChessBase"]
[WhiteTeam "Romania"]
[BlackTeam "Azerbaijan"]
[WhiteTeamCountry "ROU"]
[BlackTeamCountry "AZE"]
[TimeControl "40/5400+30:1800+30"]

1. e4 {(00:00)} e5 {(00:00)} 2. Nf3 {(00:00)} Nc6 {
(00:00)} 3. Bb5 {(00:00)} g6 {(00:00)} 4. O-O {(01:
20)} Bg7 {(00:24)} 5. Bxc6 {(09:57)} dxc6 {(07:12)} 6. d3
{(01:49)} c5 {(07:34)} 7. Be3 {(04:14)} b6 {(05:26]
} 8. a3 {(04:16)} a5 {(02:58)} 9. a4 {(00:10)} Ne7 {
(00:51)} 10. Nbd2 {(04:26)} Nc6 {(10:22)} 11. Nc4 {
(02:30)} h6 {(01:09)} 12. Qd2 {(12:40)} Be6 {(03:
12)} 13. Kh1 {(04:40)} Qe7 {(04:59)} 14. Qc3 {(09:29)} Bd7
{(12:56)} 15. Bf4 {(03:51)} f6 {(06:03)} 16. Bc1 {(
02:10)} f5 {(09:49)} 17. Ne3 {(01:33)} O-O {(03:27)} 18.
Nd5 {(02:12)} Qd6 {(02:48)} 19. Nd2 {(04:28)} Be6 {
(03:15)} 20. Nc4 {(06:12)} Qd8 {(00:02)} 21. Qe1 {(
02:00)} Bxd5 {(03:50)} 22. exd5 {(00:02)} Qxd5 {(00:07)}
23. Bd2 {(01:12)} Rae8 {(01:25)} 24. Bc3 {(02:51)} Nd4 {
(01:02)} 25. Qd2 {(01:10)} Kh7 {(00:35)} 26. Rae1 {
(01:03)} e4 {(04:29)} 27. b3 {(01:20)} Qc6 {(06:10]
} 28. dxe4 {(01:59)} fxe4 {(00:41)} 29. Bb2 {(00:40)} Rd8
{(00:42)} 30. Qc1 {(01:14)} Rf7 {(01:32)} 31. Nd2 {
(01:29)} Re8 {(00:12)} 32. c3 {(02:47)} Nf5 {(00:
12)} 33. Nc4 {(01:03)} Nh4 {(01:25)} 34. Ne3 {(00:19)}
Ref8 {(00:29)} 35. Qc2 {(01:17)} Nf5 {(01:12)} 36. Nxf5 {
(01:01)} Rxf5 {(00:52)} 37. Kg1 {(01:04)} Re8 {(00:
21)} 38. c4 {(01:36)} Bd4 {(00:09)} 39. Re2 {(01:15)} Rfe5
{(01:02)} 40. Rfe1 {(00:00)} R8e7 {(00:00)} 41. Qd1 {
(08:28)} Qd6 {(04:41)} 42. Qc2 {(05:23)} e3 {(02:
21)} 43. fxe3 {(02:58)} Rxe3 {(08:06)} 44. Rxe3 {(01:31)}
Bxe3+ {(00:32)} 45. Kh1 {(01:05)} Bd4 {(00:17)} 46. Rf1 {
(01:46)} Qe5 {(05:21)} 47. Bc1 {(01:44)} Qe2 {(06:
56)} 48. Qxe2 {(01:41)} Rxe2 {(00:01)} 49. h4 {(11:56)}
Kg7 {(01:46)} 50. Bf4 {(00:40)} Be5 {(04:01)} 51. Bxe5+ {
(00:09)} Rxe5 {(00:01)} 52. Rf3 {(00:42)} Re4 {(01:
08)} 53. g3 {(00:27)} Re2 {(00:17)} 54. Kg1 {(00:08)} Rb2
{(01:05)} 55. Kf1 {(01:09)} h5 {(00:27)} 56. Ke1 {(
06:18)} g5 {(00:01)} 57. Kd1 {(00:23)} g4 {(01:40)} 58.
Re3 {(00:26)} Kf6 {(00:11)} 59. Kc1 {(00:09)} Rf2 {
(00:26)} 60. Kd1 {(00:02)} Kf5 {(01:09)} 61. Ke1 {(
00:21)} Rb2 {(00:27)} 62. Kd1 {(00:02)} Ra2 {(00:32)} 63.
Kc1 {(00:08)} c6 {(00:24)} 64. Re8 {(02:22)} Rg2 {(
00:32)} 65. Re3 {(00:02)} Rf2 {(00:37)} 66. Kd1 {(00:02)}
Kf6 {(00:22)} 67. Kc1 {(00:22)} Kf7 {(00:42)} 68. Kd1 {
(00:06)} Kf6 {(00:26)} 69. Kc1 {(00:03)} Kg6 {(00:
34)} 70. Kd1 {(00:07)} Kf5 {(00:27)} 71. Kc1 {(00:14)} Kf6
{(00:28)} 72. Kd1 {(00:08)} Kf7 {(00:32)} 73. Kc1 {
(00:10)} Rf6 {(00:20)} 74. Kc2 {(00:47)} Rf2+ {(00:
44)} 75. Kd1 {(00:41)} Kf6 {(00:28)} 76. Kc1 {(00:23] Ke5}
1/2-1/2